ITL
TUSCALOOSA TROUT SLAYERS @ INDIANA HOUNDS
09/29/2030
 
TOP OF THE 1ST
Tuscaloosa Trout Slayers batting - Pitching for Indiana Hounds : RHP Juan Baca
Pitching: RHP Juan Baca
Batting: LHB Manuel Ortega 0-0: Ball
1-0: Called Strike
1-1: Ball
2-1: Ball
3-1: Base on Balls
Batting: LHB Ed Hart 0-0: Foul Ball, location: 2F
0-1: Ball
1-1: Ball
2-1: Foul Ball, location: 2F
2-2: Foul Ball, location: 2F
2-2: Ball
3-2: Foul Ball, location: 2F
3-2: Strikes out swinging
Batting: LHB Marcos Villarreal 0-0: Foul Ball, location: 2F
0-1: Ball
1-1: Ball
2-1: Swinging Strike
2-2: Ball
3-2: Foul Ball, location: 2F
3-2: Ground out 4-3 (Groundball, 4)
Manuel Ortega to second
Batting: RHB Miguel Serna 0-0: Called Strike
0-1: Swinging Strike
0-2: Strikes out looking
Top of the 1st over - 0 runs, 0 hits, 0 errors, 1 left on base; Tuscaloosa 0 - Indiana 0
BOTTOM OF THE 1ST
Indiana Hounds batting - Pitching for Tuscaloosa Trout Slayers : RHP Pablo Sifventes
Pitching: RHP Pablo Sifventes
Batting: RHB Henry Haines 0-0: Foul Ball, location: 2F
0-1: Ball
1-1: Fly out, F7 (Flyball, 7S)
Batting: LHB Pepe Vázquez 0-0: Swinging Strike
0-1: Swinging Strike
0-2: SINGLE (Groundball, 5S) (infield hit)
Batting: RHB Marlon Hernández 0-0: Ball
1-0: Fly out, F8 (Line Drive, 8LM)
Batting: RHB Henry Dawson 0-0: Ball
1-0: Swinging Strike
1-1: Ball
2-1: Ball
3-1: Called Strike
3-2: Ground out 5-3 (Groundball, 56)
Bottom of the 1st over - 0 runs, 1 hit, 0 errors, 1 left on base; Tuscaloosa 0 - Indiana 0
TOP OF THE 2ND
Tuscaloosa Trout Slayers batting - Pitching for Indiana Hounds : RHP Juan Baca
Batting: SHB Glenn Vadnais 0-0: Swinging Strike
0-1: Foul Ball, location: 2F
0-2: Ball
1-2: Strikes out looking
Pitching: RHP António Encarnación
Batting: LHB Ethan Shaw 0-0: Ground out 4-3 (Groundball, 4MD)
Batting: RHB Augusto Baca 0-0: Fly out, F9 (Flyball, 9D)
Top of the 2nd over - 0 runs, 0 hits, 0 errors, 0 left on base; Tuscaloosa 0 - Indiana 0
BOTTOM OF THE 2ND
Indiana Hounds batting - Pitching for Tuscaloosa Trout Slayers : RHP Pablo Sifventes
Batting: RHB Víctor Márquez 0-0: Ball
1-0: Ball
2-0: Foul Ball, location: 2F
2-1: Called Strike
2-2: SINGLE (Groundball, 6MD)
Batting: RHB Remi Eruzione 0-0: Called Strike
0-1: Foul Ball, location: 2F
0-2: Ground out 5-3 (Groundball, 56S)
Víctor Márquez to second
Batting: LHB Manny Hernández 0-0: Ball
1-0: Ball
2-0: Swinging Strike
2-1: Ball
3-1: Foul Ball, location: 2F
3-2: Foul Ball, location: 2F
3-2: Base on Balls
Batting: RHB León Gómez 0-0: Ball
1-0: Grounds into double play, 4-6-3 (Groundball, 34)
Bottom of the 2nd over - 0 runs, 1 hit, 0 errors, 1 left on base; Tuscaloosa 0 - Indiana 0
TOP OF THE 3RD
Tuscaloosa Trout Slayers batting - Pitching for Indiana Hounds : RHP António Encarnación
Batting: RHB Juan Reyes 0-0: Swinging Strike
0-1: Called Strike
0-2: Fly out, F8 (Flyball, 89M)
Batting: RHB Greg Lee 0-0: Called Strike
0-1: Foul Ball, location: 2F
0-2: Ball
1-2: Ball
2-2: Strikes out looking
Batting: LHB Manuel Ortega 0-0: Foul Ball, location: 2F
0-1: Ball
1-1: Foul Ball, location: 2F
1-2: Foul Ball, location: 2F
1-2: Foul Ball, location: 2F
1-2: Foul Ball, location: 2F
1-2: Foul Ball, location: 2F
1-2: SINGLE (Line Drive, 7S)
Batting: LHB Ed Hart 0-0: Swinging Strike
0-1: Foul Ball, location: 2F
0-2: Ball
1-2: Ball
Manuel Ortega steals 2nd base
2-2: Strikes out swinging
Top of the 3rd over - 0 runs, 1 hit, 0 errors, 1 left on base; Tuscaloosa 0 - Indiana 0
BOTTOM OF THE 3RD
Indiana Hounds batting - Pitching for Tuscaloosa Trout Slayers : RHP Pablo Sifventes
Batting: LHB Marv Gardner 0-0: Ball
1-0: Foul Ball, location: 2F
1-1: Ground out 3-1 (Groundball, 34)
Batting: RHB Henry Haines 0-0: Ball
1-0: Ball
2-0: Ball
3-0: Foul Ball, location: 2F
3-1: Reached on error, E6 (Groundball, 6)
Batting: LHB Pepe Vázquez 0-0: Ball
1-0: Ball
2-0: Foul Ball, location: 2F
2-1: Reached on error, E7 (Line Drive, 7)
Henry Haines scores
Batting: RHB Marlon Hernández 0-0: SINGLE (Line Drive, 8RS)
Pepe Vázquez to third
Runner from 3rd tries for Home, SAFE, no throw
Batting: RHB Henry Dawson 0-0: Foul Ball, location: 2F
0-1: Fly out, F7 (Line Drive, 7)
Batting: RHB Víctor Márquez 0-0: Ball
1-0: Called Strike
1-1: Called Strike
Marlon Hernández steals 2nd base
1-2: Strikes out swinging
Bottom of the 3rd over - 2 runs, 1 hit, 2 errors, 1 left on base; Tuscaloosa 0 - Indiana 2
TOP OF THE 4TH
Tuscaloosa Trout Slayers batting - Pitching for Indiana Hounds : RHP António Encarnación
Batting: LHB Marcos Villarreal 0-0: Ball
1-0: Foul Ball, location: 2F
1-1: Foul Ball, location: 2F
1-2: Strikes out swinging
Batting: RHB Miguel Serna 0-0: Ball
1-0: Ball
2-0: Ball
3-0: Called Strike
3-1: Base on Balls
Batting: SHB Glenn Vadnais 0-0: Called Strike
0-1: Foul Ball, location: 2F
0-2: Foul Ball, location: 2F
0-2: Foul Ball, location: 2F
0-2: Ball
1-2: Foul Ball, location: 2F
1-2: Foul Ball, location: 2F
1-2: Ball
2-2: Ground out 6-3 (Groundball, 6M)
Miguel Serna to second
Batting: LHB Ethan Shaw 0-0: Fly out, F8 (Flyball, 8LD)
Top of the 4th over - 0 runs, 0 hits, 0 errors, 1 left on base; Tuscaloosa 0 - Indiana 2
BOTTOM OF THE 4TH
Indiana Hounds batting - Pitching for Tuscaloosa Trout Slayers : RHP Pablo Sifventes
Batting: RHB Remi Eruzione 0-0: Foul Ball, location: 2F
0-1: Ball
1-1: Swinging Strike
1-2: Foul Ball, location: 2F
1-2: Ground out 1-3 (Groundball, 15)
Batting: LHB Manny Hernández 0-0: Ball
1-0: Called Strike
1-1: Ball
2-1: Ball
3-1: Base on Balls
Batting: RHB León Gómez 0-0: Called Strike
0-1: Ball
1-1: Ball
2-1: Ball
3-1: Called Strike
3-2: Foul Ball, location: 2F
3-2: Foul Ball, location: 2F
3-2: Foul Ball, location: 2F
3-2: Base on Balls
Manny Hernández to second
Batting: LHB Marv Gardner 0-0: Foul Ball, location: 2F
0-1: Foul Ball, location: 2F
0-2: Fly out, F4 (Line Drive, 4)
Batting: RHB Henry Haines 0-0: Foul Ball, location: 2F
0-1: Ground out U3 (Groundball, 3L)
Bottom of the 4th over - 0 runs, 0 hits, 0 errors, 2 left on base; Tuscaloosa 0 - Indiana 2
TOP OF THE 5TH
Tuscaloosa Trout Slayers batting - Pitching for Indiana Hounds : RHP António Encarnación
Batting: RHB Augusto Baca 0-0: Ball
1-0: Foul Ball, location: 2F
1-1: Ball
2-1: Foul Ball, location: 2F
2-2: SINGLE (Line Drive, 34)
Batting: RHB Juan Reyes 0-0: Foul Ball, location: 2F
0-1: Ball
1-1: Ground out U3 (Groundball, 34S)
Augusto Baca to second
Batting: RHB Greg Lee 0-0: Called Strike
0-1: Ball
1-1: Swinging Strike
1-2: Strikes out looking
Pitching: RHP Ignacio Medina
Batting: LHB Manuel Ortega 0-0: Foul Ball, location: 2F
0-1: Foul Ball, location: 2F
0-2: Ground out 3-1 (Groundball, 34S)
Top of the 5th over - 0 runs, 1 hit, 0 errors, 1 left on base; Tuscaloosa 0 - Indiana 2
BOTTOM OF THE 5TH
Indiana Hounds batting - Pitching for Tuscaloosa Trout Slayers : RHP Pablo Sifventes
Batting: LHB Pepe Vázquez 0-0: Called Strike
0-1: Ball
1-1: Ground out 6-3 (Groundball, 6)
Batting: RHB Marlon Hernández 0-0: Foul Ball, location: 2F
0-1: Ball
1-1: Ball
2-1: Fly out, F8 (Flyball, 8RM)
Batting: RHB Henry Dawson 0-0: Ball
1-0: SOLO HOME RUN (Flyball, 7D), Distance : 351 ft
Batting: RHB Víctor Márquez 0-0: Called Strike
0-1: Ball
1-1: Foul Ball, location: 2F
1-2: Ball
2-2: Fly out, F9 (Flyball, 9)
Bottom of the 5th over - 1 run, 1 hit, 0 errors, 0 left on base; Tuscaloosa 0 - Indiana 3
TOP OF THE 6TH
Tuscaloosa Trout Slayers batting - Pitching for Indiana Hounds : RHP Ignacio Medina
Batting: LHB Ed Hart 0-0: SINGLE (Flyball, 8LS)
Batting: LHB Marcos Villarreal 0-0: Ball
1-0: Fly out, F2 (Popup, 2RF)
Batting: RHB Miguel Serna 0-0: Called Strike
0-1: Ball
1-1: Swinging Strike
1-2: Ball
2-2: Fly out, F9 (Flyball, 89D)
Batting: SHB Glenn Vadnais 0-0: Called Strike
0-1: Foul Ball, location: 2F
0-2: Strikes out looking
Top of the 6th over - 0 runs, 1 hit, 0 errors, 1 left on base; Tuscaloosa 0 - Indiana 3
BOTTOM OF THE 6TH
Indiana Hounds batting - Pitching for Tuscaloosa Trout Slayers : RHP Pablo Sifventes
Batting: RHB Remi Eruzione 0-0: Fly out, F7 (Flyball, 78S)
Batting: LHB Manny Hernández 0-0: SINGLE (Line Drive, 8RS)
Batting: RHB León Gómez 0-0: Called Strike
0-1: Ball
1-1: Ball
2-1: Ball
3-1: Grounds into double play, 4-6-3 (Groundball, 4)
Bottom of the 6th over - 0 runs, 1 hit, 0 errors, 0 left on base; Tuscaloosa 0 - Indiana 3
TOP OF THE 7TH
Tuscaloosa Trout Slayers batting - Pitching for Indiana Hounds : RHP Ignacio Medina
Batting: LHB Ethan Shaw 0-0: Ball
1-0: Ball
2-0: Ball
3-0: Called Strike
3-1: SINGLE (Line Drive, 9S)
Batting: RHB Augusto Baca 0-0: Called Strike
0-1: Ball
1-1: SINGLE (Groundball, 34) (infield hit)
Ethan Shaw to second
Batting: RHB Juan Reyes 0-0: 3-RUN HOME RUN (Flyball, 7LD), Distance : 308 ft
Pitching: RHP Danny Lee
Batting: RHB Greg Lee 0-0: Ball
1-0: Ground out 3-1 (Groundball, 34)
Pitching: LHP Corey Moore
Pinch Hitting: RHB José Fernández 0-0: Called Strike
0-1: Ball
1-1: Ball
2-1: Foul Ball, location: 2F
2-2: Foul Ball, location: 2F
2-2: Ball
3-2: Ground out 6-3 (Groundball, 6)
Batting: LHB Ed Hart 0-0: Ball
1-0: Foul Ball, location: 2F
1-1: Foul Ball, location: 2F
1-2: SOLO HOME RUN (Flyball, 9LD), Distance : 307 ft
Batting: LHB Marcos Villarreal 0-0: Fly out, F9 (Flyball, 9D)
Top of the 7th over - 4 runs, 4 hits, 0 errors, 0 left on base; Tuscaloosa 4 - Indiana 3
BOTTOM OF THE 7TH
Indiana Hounds batting - Pitching for Tuscaloosa Trout Slayers : RHP Pablo Sifventes
Now in CF: Tony Quinn
Batting: LHB Marv Gardner 0-0: Ground out U3 (Groundball, 3)
Batting: RHB Henry Haines 0-0: Called Strike
0-1: Foul Ball, location: 2F
0-2: SINGLE (Groundball, 56D)
Batting: LHB Pepe Vázquez 0-0: Ball
1-0: Ball
2-0: Called Strike
2-1: Ball
3-1: Ground out 5-3 (Groundball, 56S)
Henry Haines to second
Batting: RHB Marlon Hernández 0-0: Ball
1-0: Foul Ball, location: 2F
1-1: Swinging Strike
1-2: Strikes out swinging
Bottom of the 7th over - 0 runs, 1 hit, 0 errors, 1 left on base; Tuscaloosa 4 - Indiana 3
TOP OF THE 8TH
Tuscaloosa Trout Slayers batting - Pitching for Indiana Hounds : LHP Corey Moore
Pitching: LHP Ricardo Vargas
Batting: RHB Miguel Serna 0-0: Fly out, F9 (Flyball, 9S)
Batting: SHB Glenn Vadnais 0-0: Called Strike
0-1: Ball
1-1: Called Strike
1-2: Ball
2-2: Strikes out swinging
Batting: LHB Ethan Shaw 0-0: Swinging Strike
0-1: Called Strike
0-2: Strikes out swinging
Top of the 8th over - 0 runs, 0 hits, 0 errors, 0 left on base; Tuscaloosa 4 - Indiana 3
BOTTOM OF THE 8TH
Indiana Hounds batting - Pitching for Tuscaloosa Trout Slayers : RHP Pablo Sifventes
Pitching: RHP Víctor Viña
Batting: RHB Henry Dawson 0-0: Called Strike
0-1: Ball
1-1: Ball
2-1: SINGLE (Flyball, 78S)
Batting: RHB Víctor Márquez 0-0: Ball
1-0: Called Strike
1-1: Ball
2-1: Ball
3-1: SINGLE (Flyball, 9S)
Henry Dawson to second
Runner from 2nd tries for 3rd, SAFE, no throw
Batting: RHB Remi Eruzione 0-0: Foul Ball, location: 2F
0-1: Called Strike
0-2: Ball
1-2: SINGLE (Flyball, 7LM)
Henry Dawson scores
Víctor Márquez to second
Pitching: LHP Kelly Henry
Pinch Hitting: RHB Juan Jose Guevana 0-0: Foul Ball, location: 2F
0-1: Called Strike
0-2: Ball
1-2: Ball
2-2: SINGLE (Groundball, 56) (infield hit)
Víctor Márquez to third
Remi Eruzione to second
Pitching: RHP Yodo Nakagawa
Pinch Hitting: RHB Octávio Zúñiga 0-0: Called Strike
0-1: Foul Ball, location: 2F
0-2: Foul Ball, location: 2F
0-2: Ball
1-2: Foul Ball, location: 2F
1-2: Foul Ball, location: 2F
1-2: DOUBLE (Line Drive, 89D)
Víctor Márquez scores
Remi Eruzione scores
Juan Jose Guevana to third
Batting: LHB Marv Gardner 0-0: Ball
1-0: Called Strike
1-1: Ball
2-1: Foul Ball, location: 2F
2-2: Foul Ball, location: 2F
2-2: Ball
3-2: Foul Ball, location: 2F
3-2: Foul Ball, location: 2F
3-2: Ground out U3 (Groundball, 34)
Batting: RHB Henry Haines 0-0: Ground out 4-3 (Groundball, 4M)
Batting: LHB Pepe Vázquez 0-0: Ball
1-0: Called Strike
1-1: Foul Ball, location: 2F
1-2: Ball
2-2: Foul Ball, location: 2F
2-2: Fly out, F7 (Flyball, 7LD)
Bottom of the 8th over - 3 runs, 5 hits, 0 errors, 2 left on base; Tuscaloosa 4 - Indiana 6
TOP OF THE 9TH
Tuscaloosa Trout Slayers batting - Pitching for Indiana Hounds : LHP Ricardo Vargas
Now at 2B: Anastasio Movonda
Now in RF: Octávio Zúñiga
Batting: RHB Augusto Baca 0-0: Ball
1-0: Ball
2-0: Swinging Strike
2-1: Ball
3-1: Foul Ball, location: 2F
3-2: Foul Ball, location: 2F
3-2: Fly out, F9 (Flyball, 9)
Batting: RHB Juan Reyes 0-0: Ball
1-0: SINGLE (Popup, 3D)
Batting: RHB Greg Lee 0-0: Swinging Strike
0-1: Fly out, F3 (Popup, 3SF)
Batting: RHB Tony Quinn 0-0: Swinging Strike
0-1: Fielders Choice at 2nd, 6-4 (Groundball, 6)
Top of the 9th over - 0 runs, 1 hit, 0 errors, 1 left on base; Tuscaloosa 4 - Indiana 6
Saturday, April 7th, 2018 - OOTP Baseball 18.8 Build 76